 Dungeon Crawl Stone Soup version 0.32-a0-818-gb728d0252e (webtiles) character file.

Game seed: 14052086907744769960

2360 smashvw the Thaumaturge (level 9, -11/55 HPs)
             Began as a Djinni Ice Elementalist on Mar 23, 2024.
             Mangled by a gnoll
             ... wielding a +0 flail
             ... led by a gnoll bouda
              (13 damage)
             ... on level 7 of the Dungeon.
             The game lasted 00:28:56 (7693 turns).

smashvw the Thaumaturge (Djinni Ice Elementalist)   Turns: 7693, Time: 00:28:56

Health: -11/55     AC:  2    Str:  7    XL:     9   Next: 72%
Gold:   418        EV: 11    Int: 20    God:
                   SH:  0    Dex: 15

rFire   + + .        i - +1 dagger (elec)
rCold   x . .        (no shield)
rNeg    . . .        a - +0 robe
rPois   ∞            (no helmet)
rElec   .            (no cloak)
rCorr   .            (no gloves)
SInv    .            (boots unavailable)
Will    .....        (no amulet)
Stlth   ++           (no ring)
HPRegen 0.29/turn    (no ring)
MPRegen 0.00/turn

%: infuse magic (-12 HP)
@: weakened, flying
A: sickness immunity, fire resistance 2, cold vulnerability 1, float, innate
caster, HP casting, extra vitality 1
a: no special abilities


You were on level 7 of the Dungeon.
You visited 1 branch of the dungeon, and saw 7 of its levels.
You also visited: Ossuary.

You collected 418 gold pieces.

Inventory:

Hand Weapons
 i - a +1 dagger of electrocution (weapon)
 o - a +4 dagger
Missiles
 e - 5 poisoned darts
Armour
 a - a +0 robe (worn)
 d - a +0 helmet
Jewellery
 n - a ring of positive energy
 q - a ring of positive energy
 y - a +4 ring of slaying
Wands
 u - a wand of acid (7)
 B - a wand of roots (7)
Scrolls
 b - 7 scrolls of vulnerability
 c - 5 scrolls of fog
 g - 3 scrolls of teleportation
 k - 4 scrolls of blinking
 l - a scroll of immolation {unknown}
 p - a scroll of enchant armour {unknown}
 t - a scroll of torment {unknown}
 v - a scroll of enchant weapon {unknown}
 C - a scroll of fear {unknown}
 D - 3 scrolls of identify
 F - a scroll of revelation {unknown}
Potions
 f - 2 potions of ambrosia {unknown}
 h - 5 potions of curing
 j - 6 potions of might
 m - 3 potions of cancellation
 r - 3 potions of enlightenment
 s - a potion of lignification
 w - a potion of heal wounds
 x - a potion of brilliance {unknown}
 z - a potion of degeneration {unknown}
 A - 3 potions of haste {unknown}
 E - a potion of attraction {unknown}


   Skills:
 - Level 2.1 Dodging
 - Level 1.5 Stealth
 + Level 10.4 Spellcasting
 + Level 10.4 Conjurations
 + Level 10.4 Hexes
 + Level 10.4 Summonings
 + Level 10.4 Necromancy
 + Level 10.4 Translocations
 + Level 10.4 Fire Magic
 + Level 10.4 Ice Magic
 + Level 10.4 Air Magic
 + Level 10.4 Earth Magic
 + Level 10.4 Alchemy


You knew the following spells:

 Your Spells              Type           Power      Damage    Failure   Level
a - Freeze                Ice            100%       1d10      1%          1
b - Frozen Ramparts       Ice            100%       1d16      1%          3
c - Ozocubu's Armour      Ice            51%        N/A       1%          3
d - Summon Ice Beast      Ice/Summ       51%        N/A       1%          3
e - Shock                 Conj/Air       100%       1d9       1%          1
f - Mercury Vapours       Alch/Air       100%       N/A       1%          2
g - Jinxbite              Hex            100%       N/A       1%          2
h - Fugue of the Fallen   Necr           51%        N/A       1%          3
Your spell library was empty.

Dungeon Overview and Level Annotations

Branches:
Dungeon (7/15)             Temple (0/1) D:7         Ossuary (visited)

Altars:
Qazlal

Annotations:
D:7 Jeremiah, Pikel


Innate Abilities, Weirdness & Mutations

You are immune to sickness and miasma.
You are immune to poison.
Your flesh is very heat resistant. (rF++)
You are vulnerable to cold. (rC-)
You float through the air rather than walking.
You learn spells naturally, not from books.
Your magical power is your life essence.
You have superior vitality. (+4 MHP)


Message History

* * * LOW HITPOINT WARNING * * *
Your ice beast hits the butterfly.
The butterfly dies!
The butterfly disappears in a burst of colours!
A lemure comes into view.
The butterfly disappears in a burst of colours!
The gnoll bouda gazes fiercely through you!
You feel your attacks grow feeble.
Jeremiah zaps a wand.
The bolt of acid hits the butterfly!
The butterfly dies!
The butterfly disappears in a burst of colours!
The bolt of acid misses you.
The lemure moves out of view.
Your surroundings suddenly seem different.
You enter a dispersal trap!
The centaur blinks!
The jelly blinks! x2
The centaur blinks!
The lemure blinks!
Pikel blinks!
The lemure blinks!
The gnoll bouda blinks!
You blink.
A bombardier beetle and a kobold come into view.
The kobold is wielding a +1 whip of holy wrath.
Found 14 gold pieces.
A kobold comes into view. It is wielding a +0 short sword.
A centaur comes into view.
As you read the scroll of teleportation, it crumbles to dust.
You feel strangely unstable.
The centaur shouts!
The centaur wields a +0 orcbow.
The centaur shoots an arrow.
The arrow hits you!
* * * LOW HITPOINT WARNING * * *
The bombardier beetle waves its antennae.
A black bear comes into view.
The gnoll shouts!
You hear an angry hiss.
The centaur shoots an arrow.
The arrow completely misses you.
The black bear growls angrily.
You hear a shout!
A kobold comes into view. It is wielding a +0 club.
A lemure comes into view.
A kobold comes into view. It is wielding a +0 club.
Your surroundings suddenly seem different.
A lemure, a howler monkey and a gnoll come into view.
The howler monkey howls!
You hear a shout!
The gnoll hits you with a +0 flail!
You die...

.b5...##..........#..5..#
......#........#.##....##
#b.#.g.........#.#..o###
...##......##..........###
...# .§..................#
##.. ##.....###........##
~~~~~~~~~#.........#
~#.....#~#ggg#...###
~...5...~.@...####
g......h(...>.#
~...>...~......#
~.......~.......#
~.......~..>#..##
~#.....#~#.#####
~~~~~~h~~#g# ##.....###.#
....... .#


You could see a lemure, a gnoll bouda, 2 howler monkeys, 3 gnolls and an orc.

Vanquished Creatures
  Duvessa (D:5)
  An ice beast (D:4)
  A sky beast (D:6)
  A black bear (D:6)
  2 ogres (D:5)
  A phantom (D:4)
  A bullfrog (D:6)
  7 scorpions
  Dowan (D:5)
  2 bombardier beetles
  2 centaur zombies (Ossuary)
  An orc priest (D:5)
  2 human zombies (Ossuary)
  4 hounds
  An iguana (D:5)
  3 orc wizards (D:5)
  Terence (D:3)
  3 scorpion zombies (Ossuary)
  2 mummies (Ossuary)
  Robin (D:3)
  A gnoll (D:7)
  11 adders
  A shadow imp (D:6)
  4 adder zombies (Ossuary)
  5 dart slugs
  A ribbon worm (D:3)
  12 orcs
  7 ball pythons
  10 bats
  7 endoplasms
  4 giant cockroaches
  15 goblins
  12 hobgoblins
  5 jackals
  7 quokkas
  2 ball python zombies (Ossuary)
  5 frilled lizards
  A jackal zombie (Ossuary)
  7 kobolds
  An orc zombie (Ossuary)
  A rat (D:3)
157 creatures vanquished.

Vanquished Creatures (collateral kills)
  A black bear (D:6)
  A sky beast (D:6)
  2 scorpions (Ossuary)
  A hound (D:6)
  A mummy (Ossuary)
  An adder (D:6)
  An orc (D:6)
  A ball python (D:3)
  A giant cockroach (D:3)
  2 goblins (D:1)
  A hobgoblin (D:1)
  A bat (D:1)
  An orc zombie (Ossuary)
  A rat (D:1)
16 creatures vanquished.

Vanquished Creatures (others)
  A gnoll (D:7)
1 creature vanquished.

Grand Total: 174 creatures vanquished

Notes
Turn   | Place    | Note
-------+----------+-------------------------------------------
     0 | D:1      | smashvw the Djinni Ice Elementalist began the quest for the
                  | Orb.
     0 | D:1      | smashvw set off with the following spells memorised:
                  | Freeze, Frozen Ramparts, Ozocubu's Armour, Summon Ice
                  | Beast.
     0 | D:1      | Reached XP level 1. HP: 15/15 MP: 0/0
    83 | D:1      | Reached XP level 2. HP: 17/21 MP: 0/0
   470 | D:1      | Reached XP level 3. HP: 21/25 MP: 0/0
   470 | D:1      | Learned a level 1 spell: Shock
  1055 | D:2      | Reached XP level 4. HP: 17/31 MP: 0/0
  1785 | D:3      | Noticed Robin
  1788 | D:3      | Killed Robin
  1792 | D:3      | Reached XP level 5. HP: 29/35 MP: 0/0
  1792 | D:3      | Learned a level 2 spell: Mercury Vapours
  1797 | D:3      | Reached skill level 5 in Spellcasting
  1797 | D:3      | Reached skill level 5 in Conjurations
  1797 | D:3      | Reached skill level 5 in Hexes
  1797 | D:3      | Reached skill level 5 in Summonings
  1797 | D:3      | Reached skill level 5 in Necromancy
  1797 | D:3      | Reached skill level 5 in Translocations
  1797 | D:3      | Reached skill level 5 in Fire Magic
  1797 | D:3      | Reached skill level 5 in Ice Magic
  1797 | D:3      | Reached skill level 5 in Air Magic
  1797 | D:3      | Reached skill level 5 in Earth Magic
  1797 | D:3      | Reached skill level 5 in Alchemy
  2181 | D:3      | You are sucked into a shaft and drop 1 floor!
  2504 | D:3      | Found a stormy altar of Qazlal.
  2837 | D:3      | Noticed Terence
  2844 | D:3      | Killed Terence
  3158 | D:3      | Reached XP level 6. HP: 39/40 MP: 0/0
  3329 | D:4      | Noticed an ice beast
  3342 | D:4      | Killed an ice beast
  3600 | D:4      | Reached XP level 7. HP: 24/45 MP: 0/0
  3600 | D:4      | Learned a level 2 spell: Jinxbite
  4065 | D:5      | Entered Level 5 of the Dungeon
  4243 | D:5      | Noticed Duvessa
  4246 | D:5      | Noticed Dowan
  4249 | D:5      | Killed Duvessa
  4250 | D:5      | Reached XP level 8. HP: 46/50 MP: 0/0
  4254 | D:5      | Killed Dowan
  5462 | D:6      | Found a sand-covered staircase.
  5467 | Ossuary  | Entered an ossuary
  5483 | Ossuary  | Reached XP level 9. HP: 43/55 MP: 0/0
  5483 | Ossuary  | Learned a level 3 spell: Fugue of the Fallen
  6686 | D:6      | Reached skill level 10 in Spellcasting
  6686 | D:6      | Reached skill level 10 in Conjurations
  6686 | D:6      | Reached skill level 10 in Hexes
  6686 | D:6      | Reached skill level 10 in Summonings
  6686 | D:6      | Reached skill level 10 in Necromancy
  6686 | D:6      | Reached skill level 10 in Translocations
  6686 | D:6      | Reached skill level 10 in Fire Magic
  6686 | D:6      | Reached skill level 10 in Ice Magic
  6686 | D:6      | Reached skill level 10 in Air Magic
  6686 | D:6      | Reached skill level 10 in Earth Magic
  6686 | D:6      | Reached skill level 10 in Alchemy
  7571 | D:7      | Found a staircase to the Ecumenical Temple.
  7677 | D:7      | Noticed Jeremiah
  7683 | D:7      | HP: 2/55 [Jeremiah/divine providence (15)]
  7684 | D:7      | Noticed Pikel
  7690 | D:7      | HP: 1/55 [centaur/arrow (10)]
  7693 | D:7      | Mangled by a gnoll

Illustrated notes

Levels and vault maps discovered:
D:1:      ncdulo_lavacross, layout_loops_ring, minmay_misc_feat_enclosed,
          minmay_cut_off
D:2:      layout_basic, minmay_octomino_c4
D:3:      layout_basic, nicolae_overflow_hidden_temple, minmay_starry_boxes,
          uniq_terence, uniq_robin
D:4:      layout_rooms
D:5:      layout_layer_cave, serial_bayou_lagoon_a, uniq_duvessa
D:6:      layout_basic, enter_ossuary_2
D:7:      layout_cave_pools, minmay_temple_entry_water_ring, uniq_jeremiah,
          uniq_pikel

Skill      XL: |  1  2  3  4  5  6  7  8  9 |
---------------+----------------------------+-----
Spellcasting   | 4 5 6 7 9 10 | 10.4
Conjurations   | 4 5 6 7 9 10 | 10.4
Hexes          | 4 5 6 7 9 10 | 10.4
Summonings     | 4 5 6 7 9 10 | 10.4
Necromancy     | 4 5 6 7 9 10 | 10.4
Translocations | 4 5 6 7 9 10 | 10.4
Fire Magic     | 4 5 6 7 9 10 | 10.4
Ice Magic      | 4 5 6 7 9 10 | 10.4
Air Magic      | 4 5 6 7 9 10 | 10.4
Earth Magic    | 4 5 6 7 9 10 | 10.4
Alchemy        | 4 5 6 7 9 10 | 10.4
Dodging        | |  2.1
Stealth        | |  1.5

Action                     |  1- 3 |  4- 6 |  7- 9 || total
---------------------------+-------+-------+-------++-------
  Melee: Unarmed           |     6 |       |       ||     6
         Dagger            |    27 |    45 |    46 ||   118
   Cast: Freeze            |    24 |       |    23 ||    47
         Shock             |    11 |    94 |   158 ||   263
         Summon Ice Beast  |     3 |     1 |    15 ||    19
         Frozen Ramparts   |     2 |     6 |    13 ||    21
         Mercury Vapours   |       |    12 |    18 ||    30
         Ozocubu's Armour  |       |     1 |     3 ||     4
         Jinxbite          |       |       |     3 ||     3
         Fugue of the Fall |       |       |     1 ||     1
    Use: Scroll            |       |     6 |     6 ||    12
         Potion            |       |       |     2 ||     2
   Stab: Sleeping          |     1 |     1 |       ||     2
 Armour: Robe              |    43 |    48 |   109 ||   200
  Dodge: Dodged            |    39 |    38 |    95 ||   172

Table legend: (Time is in decaauts)
 A = Elapsed time spent in this place.
 B = Non-inter-level travel time spent in this place.
 C = Inter-level travel time spent in this place.
 D = Time resting spent in this place.
 E = Time spent auto-exploring this place.
 F = Levels seen in this place.
 G = Mean time per level.
                   A        B        C        D        E       F      G
               +--------+--------+--------+--------+--------+-----+--------+
         Total |   7691 |   7493 |    198 |    458 |   5991 |   8 |  961.4 |
       Dungeon |   6639 |   6441 |    198 |    292 |   5328 |   7 |  948.4 |
       Ossuary |   1052 |   1052 |      0 |    166 |    663 |   1 | 1052.0 |
               +--------+--------+--------+--------+--------+-----+--------+

Top non-repeatable levels by time:
     D:3: 1604 daAuts
     D:5: 1269 daAuts
     D:6: 1236 daAuts
 Ossuary: 1052 daAuts
     D:1: 933 daAuts
     D:4: 826 daAuts
     D:2: 700 daAuts
     D:7: 68 daAuts
